MLB
WASHINGTON NATIONALS @ MIAMI MARLINS
09/17/2018
 
TOP OF THE 1ST
Washington Nationals batting - Pitching for Miami Marlins : RHP Johnny Cueto
Pitching: RHP Johnny Cueto
Batting: LHB Joe Panik 0-0: Called Strike
0-1: Swinging Strike
0-2: Ball
1-2: Ball
2-2: Ball
3-2: Foul Ball, location: 2F
3-2: Base on Balls
Batting: SHB Aaron Hicks 0-0: Called Strike
0-1: Ball
1-1: Foul Ball, location: 2F
1-2: Foul Ball, location: 2F
1-2: Strikes out looking
Batting: LHB Andrew Benintendi 0-0: Ball
1-0: Called Strike
1-1: Swinging Strike
1-2: Fielders Choice at 2nd, 1-6 (Groundball, 13)
Batting: RHB Marcell Ozuna 0-0: Ball
1-0: Ball
2-0: Swinging Strike
2-1: Ball
3-1: Base on Balls
Andrew Benintendi to second
Batting: RHB Yulieski Gurriel 0-0: Called Strike
0-1: Called Strike
0-2: Fly out, F7 (Flyball, 78D)
Top of the 1st over - 0 runs, 0 hits, 0 errors, 2 left on base; Washington 0 - Miami 0
BOTTOM OF THE 1ST
Miami Marlins batting - Pitching for Washington Nationals : RHP Corey Kluber
Pitching: RHP Corey Kluber
Now at 2B: Alen Hanson
Batting: RHB Ian Desmond 0-0: Ground out 6-3 (Groundball, 6M)
Batting: RHB Charlie Culberson 0-0: Ball
1-0: Ground out U3 (Groundball, 3L)
Batting: SHB Francisco Lindor 0-0: Swinging Strike
0-1: SINGLE (Line Drive, 7S)
Batting: LHB Alex Gordon 0-0: Ground out 4-3 (Groundball, 4)
Bottom of the 1st over - 0 runs, 1 hit, 0 errors, 1 left on base; Washington 0 - Miami 0
TOP OF THE 2ND
Washington Nationals batting - Pitching for Miami Marlins : RHP Johnny Cueto
Batting: LHB Yonder Alonso 0-0: SOLO HOME RUN (Flyball, 89XD), Distance : 430 ft
Batting: RHB Chris Taylor 0-0: Called Strike
0-1: Foul Ball, location: 2F
0-2: Foul Ball, location: 2F
0-2: Strikes out swinging
Batting: RHB Corey Kluber 0-0: Called Strike
0-1: Swinging Strike
0-2: Strikes out looking
Batting: RHB Tyler Flowers 0-0: Foul Ball, location: 2F
0-1: SINGLE (Flyball, 89S)
Batting: SHB Alen Hanson 0-0: Called Strike
0-1: Ball
1-1: Fly out, F8 (Line Drive, 8RM)
Top of the 2nd over - 1 run, 2 hits, 0 errors, 1 left on base; Washington 1 - Miami 0
BOTTOM OF THE 2ND
Miami Marlins batting - Pitching for Washington Nationals : RHP Corey Kluber
Batting: RHB Rob Refsnyder 0-0: Called Strike
0-1: Ball
1-1: Fly out, F8 (Flyball, 8LS)
Batting: RHB Jefry Marte 0-0: Called Strike
0-1: Ball
1-1: Ball
2-1: Fly out, F7 (Line Drive, 7)
Batting: RHB Sean Rodriguez 0-0: Ball
1-0: Ball
2-0: Ball
3-0: Base on Balls
Batting: SHB Blake Swihart 0-0: Fly out, F9 (Flyball, 9LD)
Bottom of the 2nd over - 0 runs, 0 hits, 0 errors, 1 left on base; Washington 1 - Miami 0
TOP OF THE 3RD
Washington Nationals batting - Pitching for Miami Marlins : RHP Johnny Cueto
Batting: SHB Aaron Hicks 0-0: Called Strike
0-1: Swinging Strike
0-2: Foul Ball, location: 2F
0-2: Strikes out looking
Batting: LHB Andrew Benintendi 0-0: Foul Ball, location: 2F
0-1: Ball
1-1: Ball
2-1: Called Strike
2-2: Ball
3-2: Strikes out swinging
Batting: RHB Marcell Ozuna 0-0: SOLO HOME RUN (Flyball, 9D), Distance : 377 ft
Batting: RHB Yulieski Gurriel 0-0: Foul Ball, location: 2F
0-1: Ball
1-1: Foul Ball, location: 2F
1-2: Foul Ball, location: 2F
1-2: Ball
2-2: Fly out, F3 (Popup, 3L)
Top of the 3rd over - 1 run, 1 hit, 0 errors, 0 left on base; Washington 2 - Miami 0
BOTTOM OF THE 3RD
Miami Marlins batting - Pitching for Washington Nationals : RHP Corey Kluber
Batting: RHB Johnny Cueto 0-0: Swinging Strike
0-1: Ball
1-1: Called Strike
1-2: Fly out, F8 (Flyball, 8RS)
Batting: RHB Ian Desmond 0-0: Called Strike
0-1: Called Strike
0-2: Strikes out swinging
Batting: RHB Charlie Culberson 0-0: Called Strike
0-1: Swinging Strike
0-2: Strikes out swinging
Bottom of the 3rd over - 0 runs, 0 hits, 0 errors, 0 left on base; Washington 2 - Miami 0
TOP OF THE 4TH
Washington Nationals batting - Pitching for Miami Marlins : RHP Johnny Cueto
Batting: LHB Yonder Alonso 0-0: Ball
1-0: Ball
2-0: Called Strike
2-1: Swinging Strike
2-2: Fly out, F7 (Flyball, 78D)
Batting: RHB Chris Taylor 0-0: Swinging Strike
0-1: Ground out 6-3 (Groundball, 6)
Batting: RHB Corey Kluber 0-0: Ball
1-0: Ball
2-0: Called Strike
2-1: Called Strike
2-2: Strikes out looking
Top of the 4th over - 0 runs, 0 hits, 0 errors, 0 left on base; Washington 2 - Miami 0
BOTTOM OF THE 4TH
Miami Marlins batting - Pitching for Washington Nationals : RHP Corey Kluber
Batting: SHB Francisco Lindor 0-0: Foul Ball, location: 2F
0-1: Foul Ball, location: 2F
0-2: Ball
1-2: Ground out 6-3 (Groundball, 6M)
Batting: LHB Alex Gordon 0-0: Called Strike
0-1: Foul Ball, location: 2F
0-2: Strikes out looking
Batting: RHB Rob Refsnyder 0-0: Called Strike
0-1: Ball
1-1: Called Strike
1-2: Strikes out swinging
Bottom of the 4th over - 0 runs, 0 hits, 0 errors, 0 left on base; Washington 2 - Miami 0
TOP OF THE 5TH
Washington Nationals batting - Pitching for Miami Marlins : RHP Johnny Cueto
Batting: RHB Tyler Flowers 0-0: Called Strike
0-1: Ball
1-1: Ball
2-1: Foul Ball, location: 2F
2-2: Ball
3-2: Foul Ball, location: 2F
3-2: Base on Balls
Batting: SHB Alen Hanson 0-0: Ball
1-0: Ball
2-0: TRIPLE (Flyball, 89XD)
Tyler Flowers scores
Batting: SHB Aaron Hicks 0-0: Ball
1-0: Fly out, F4 (Flyball, 4D)
Batting: LHB Andrew Benintendi 0-0: Called Strike
0-1: SINGLE (Line Drive, 8RS)
Alen Hanson scores
Batting: RHB Marcell Ozuna 0-0: Ball
1-0: SINGLE (Groundball, 4MD)
Andrew Benintendi to second
Runner from 2nd tries for 3rd, OUT! 8-5
Batting: RHB Yulieski Gurriel 0-0: Ball
1-0: Called Strike
1-1: Ball
2-1: DOUBLE (Line Drive, 9LS)
Marcell Ozuna to third
Batting: LHB Yonder Alonso 0-0: Ball
1-0: Foul Ball, location: 2F
1-1: Swinging Strike
1-2: Foul Ball, location: 2F
1-2: Ball
2-2: Foul Ball, location: 2F
2-2: Strikes out swinging
Top of the 5th over - 2 runs, 4 hits, 0 errors, 2 left on base; Washington 4 - Miami 0
BOTTOM OF THE 5TH
Miami Marlins batting - Pitching for Washington Nationals : RHP Corey Kluber
Batting: RHB Jefry Marte 0-0: Ball
1-0: Called Strike
1-1: Foul Ball, location: 2F
1-2: Fly out, F4 (Line Drive, 4)
Batting: RHB Sean Rodriguez 0-0: Called Strike
0-1: Foul Ball, location: 2F
0-2: Ball
1-2: Strikes out swinging
Batting: SHB Blake Swihart 0-0: Foul Ball, location: 2F
0-1: SINGLE (Line Drive, 4D)
Pinch Hitting: RHB Cheslor Cuthbert 0-0: Foul Ball, location: 2F
0-1: Swinging Strike
0-2: Strikes out swinging
Bottom of the 5th over - 0 runs, 1 hit, 0 errors, 1 left on base; Washington 4 - Miami 0
TOP OF THE 6TH
Washington Nationals batting - Pitching for Miami Marlins : RHP Johnny Cueto
Pitching: LHP Robbie Ross Jr.
Batting: RHB Chris Taylor 0-0: Ball
1-0: Ball
2-0: Called Strike
2-1: Ball
3-1: Called Strike
3-2: Base on Balls
Batting: RHB Corey Kluber 0-0: Bunt - Flyout to 2L! F2
Batting: RHB Tyler Flowers 0-0: Called Strike
0-1: Called Strike
0-2: Hit by Pitch
Chris Taylor to second
Batting: SHB Alen Hanson 0-0: Grounds into double play, 5-4-3 (Groundball, 56S)
Top of the 6th over - 0 runs, 0 hits, 0 errors, 1 left on base; Washington 4 - Miami 0
BOTTOM OF THE 6TH
Miami Marlins batting - Pitching for Washington Nationals : RHP Corey Kluber
Batting: RHB Ian Desmond 0-0: Ball
1-0: Ball
2-0: Fly out, F7 (Line Drive, 7D)
Batting: RHB Charlie Culberson 0-0: Called Strike
0-1: Called Strike
0-2: Ball
1-2: Ball
2-2: Ground out 1-3 (Groundball, 13)
Batting: SHB Francisco Lindor 0-0: Called Strike
0-1: Foul Ball, location: 2F
0-2: Fly out, F7 (Flyball, 78D)
Bottom of the 6th over - 0 runs, 0 hits, 0 errors, 0 left on base; Washington 4 - Miami 0
TOP OF THE 7TH
Washington Nationals batting - Pitching for Miami Marlins : LHP Robbie Ross Jr.
Pitching: RHP Craig Stammen
Batting: SHB Aaron Hicks 0-0: Foul Ball, location: 2F
0-1: SINGLE (Groundball, 4S) (infield hit)
Batting: LHB Andrew Benintendi 0-0: Ball
1-0: Called Strike
1-1: Ball
2-1: Ball
3-1: Called Strike
3-2: DOUBLE (Line Drive, 7LM)
Aaron Hicks to third
Runner from 3rd tries for Home, SAFE, throw by LF to home
Batting: RHB Marcell Ozuna 0-0: Called Strike
0-1: Ball
1-1: Called Strike
1-2: Foul Ball, location: 2F
1-2: Strikes out looking
Batting: RHB Yulieski Gurriel 0-0: Fly out, F7 (Line Drive, 7)
Batting: LHB Yonder Alonso 0-0: Called Strike
0-1: 2-RUN HOME RUN (Flyball, 89XD), Distance : 404 ft
Pinch Hitting: RHB Daniel Robertson 0-0: Foul Ball, location: 2F
0-1: Swinging Strike
0-2: Ball
1-2: Foul Ball, location: 2F
1-2: Foul Ball, location: 2F
1-2: Foul Ball, location: 2F
1-2: Ground out 4-3 (Groundball, 4)
Top of the 7th over - 3 runs, 3 hits, 0 errors, 0 left on base; Washington 7 - Miami 0
BOTTOM OF THE 7TH
Miami Marlins batting - Pitching for Washington Nationals : RHP Corey Kluber
Now at SS: Daniel Robertson
Batting: LHB Alex Gordon 0-0: Ball
1-0: Foul Ball, location: 2F
1-1: Foul Ball, location: 2F
1-2: Fly out, F3 (Popup, 3SF)
Batting: RHB Rob Refsnyder 0-0: Ball
1-0: Swinging Strike
1-1: Ball
2-1: Ball
3-1: Ground out 5-3 (Groundball, 56)
Batting: RHB Jefry Marte 0-0: Ball
1-0: SINGLE (Line Drive, 6MD)
Batting: RHB Sean Rodriguez 0-0: Ball
1-0: Called Strike
1-1: Ball
2-1: Swinging Strike
2-2: Strikes out swinging
Bottom of the 7th over - 0 runs, 1 hit, 0 errors, 1 left on base; Washington 7 - Miami 0
TOP OF THE 8TH
Washington Nationals batting - Pitching for Miami Marlins : RHP Craig Stammen
Batting: RHB Corey Kluber 0-0: Called Strike
0-1: SINGLE (Groundball, 6D)
Batting: RHB Tyler Flowers 0-0: Ball
Wild Pitch!
Corey Kluber to second
1-0: Ball
2-0: Called Strike
2-1: DOUBLE (Flyball, 78XD)
Corey Kluber scores
Batting: SHB Alen Hanson 0-0: Foul Ball, location: 2F
0-1: Fly out, F8 (Flyball, 8RD)
Batting: SHB Aaron Hicks 0-0: Called Strike
0-1: Foul Ball, location: 2F
0-2: Foul Ball, location: 2F
0-2: Strikes out looking
Pinch Hitting: RHB Tom Murphy 0-0: Ball
1-0: Called Strike
1-1: Foul Ball, location: 2F
1-2: Strikes out looking
Top of the 8th over - 1 run, 2 hits, 0 errors, 1 left on base; Washington 8 - Miami 0
BOTTOM OF THE 8TH
Miami Marlins batting - Pitching for Washington Nationals : RHP Corey Kluber
Now in LF: Jordan Patterson
Batting: SHB Blake Swihart 0-0: Ball
1-0: Ground out 6-3 (Groundball, 6M)
Pinch Hitting: RHB Yasmany Tomas 0-0: Ball
1-0: Called Strike
1-1: Ball
2-1: Swinging Strike
2-2: Foul Ball, location: 2F
2-2: Foul Ball, location: 2F
2-2: SINGLE (Groundball, 56D)
Batting: RHB Ian Desmond 0-0: Called Strike
0-1: Foul Ball, location: 2F
0-2: Fly out, F4 (Flyball, 34D)
Batting: RHB Charlie Culberson 0-0: Called Strike
0-1: Foul Ball, location: 2F
0-2: Ground out 3-1 (Groundball, 34S)
Bottom of the 8th over - 0 runs, 1 hit, 0 errors, 1 left on base; Washington 8 - Miami 0
TOP OF THE 9TH
Washington Nationals batting - Pitching for Miami Marlins : RHP Craig Stammen
Pitching: LHP Blaine Hardy
Batting: RHB Marcell Ozuna 0-0: Fly out, F7 (Flyball, 7)
Batting: RHB Yulieski Gurriel 0-0: Foul Ball, location: 2F
0-1: Foul Ball, location: 2F
0-2: Strikes out swinging
Batting: LHB Yonder Alonso 0-0: Ball
1-0: Ball
2-0: Foul Ball, location: 2F
2-1: Foul Ball, location: 2F
2-2: Ball
3-2: Base on Balls
Batting: RHB Daniel Robertson 0-0: Ball
1-0: Called Strike
1-1: Swinging Strike
1-2: Strikes out swinging
Top of the 9th over - 0 runs, 0 hits, 0 errors, 1 left on base; Washington 8 - Miami 0
BOTTOM OF THE 9TH
Miami Marlins batting - Pitching for Washington Nationals : RHP Corey Kluber
Batting: SHB Francisco Lindor 0-0: Ball
1-0: Called Strike
1-1: Ground out 3-1 (Groundball, 34)
Batting: LHB Alex Gordon 0-0: Ball
1-0: Foul Ball, location: 2F
1-1: Ball
2-1: Fly out, F6 (Popup, 4MS)
Batting: RHB Rob Refsnyder 0-0: Called Strike
0-1: Ball
1-1: Ball
2-1: Swinging Strike
2-2: Strikes out looking
Bottom of the 9th over - 0 runs, 0 hits, 0 errors, 0 left on base; Washington 8 - Miami 0
Wednesday, November 28th, 2018 - OOTP Baseball 19.10 Build 120